 Dungeon Crawl Stone Soup version 0.18.1-8-gdd0e5ea (webtiles) character file.

392 Gargoyl the Covered (level 6, 0/49 HPs)
             Began as a Demonspawn Abyssal Knight on May 26, 2016.
             Was a Believer of Lugonu.
             Slain by Sigmund
             ... wielding a +0 scythe
              (12 damage)
             ... on level 4 of the Dungeon.
             The game lasted 00:07:25 (4316 turns).

Gargoyl the Covered (Demonspawn Abyssal Knight)     Turns: 4316, Time: 00:07:25

Health: 0/49       AC: 12    Str: 14    XL:     6   Next: 50%
Magic:  7/7        EV:  7    Int: 14    God:    Lugonu [**....]
Gold:   160        SH:  0    Dex: 14    Spells: 0 memorised, 5 levels left

rFire  . . .     SeeInvis .     a - +1 hand axe
rCold  . . .     Gourm    .     f - +0 chain mail
rNeg   . . .     Faith    .     (no shield)
rPois  .         Spirit   .     m - +0 helmet
rElec  .         Dismiss  .     (no cloak)
rCorr  .         Reflect  .     (no gloves)
SustAt .         Harm     .     j - +0 pair of boots
MR     .....                    (no amulet)
Stlth  ..........               (no ring)
                                (no ring)

@: not resistant to hostile enchantments, extremely unstealthy
A: claws 1, hooves 1, agile 1, demonic guardian 2
a: Depart the Abyss, Bend Space, Renounce Religion


You were on level 4 of the Dungeon.
You worshipped Lugonu.
Lugonu was pleased with you.
You were not hungry.

You visited 1 branch of the dungeon, and saw 4 of its levels.
You visited the Abyss 1 time.

You collected 160 gold pieces.

Inventory:

Hand Weapons
 a - a +1 hand axe (weapon)
 h - a +0 flail
 u - a +0 dire flail
Armour
 f - a +0 chain mail (worn)
 j - a +0 pair of boots (worn)
 m - a +0 helmet (worn)
Wands
 k - a wand of polymorph (6/24)
 t - a wand of polymorph (12/24)
Scrolls
 d - a scroll of teleportation {unknown}
 e - 7 scrolls of identify {unknown}
 g - 2 scrolls of enchant armour {unknown}
 l - a scroll of random uselessness {unknown}
 p - a scroll of noise {unknown}
Potions
 n - a potion of haste {unknown}
 q - a potion of flight {unknown}
 v - a potion of invisibility {unknown}
Comestibles
 b - 3 meat rations
 c - 4 bread rations
 o - 2 fruits
 r - a slice of pizza
 w - a royal jelly


   Skills:
 + Level 4.3 Fighting
 + Level 2.8 Axes
 * Level 4.8 Armour
 + Level 1.7 Dodging
 + Level 0.2 Stealth
 + Level 2.5 Invocations


You had 5 spell levels left.
You didn't know any spells.

Dungeon Overview and Level Annotations

Branches:
Dungeon (4/15)             Temple (0/1) D:4

Altars:
Gozag
Makhleb
Sif Muna

Shops:
D:4 *=

Annotations:
D:4 Sigmund


Innate Abilities, Weirdness & Mutations

You have sharp fingernails.
You have large cloven feet.
A demonic guardian rushes to your aid.
You are agile. (Dex +2)


Message History

Your smoke demon hits Sigmund but does no damage.
Your smoke demon hits Sigmund.
Sigmund gestures wildly while chanting.
Sigmund flickers and vanishes!
Deactivating autopickup; reactivate with Ctrl-A.
Something hits you. Something hits you! Something hits you.
Something hits you but does no damage. Something hits you but does no damage.
Something hits you.
Your smoke demon disappears in a puff of smoke!
Something hits you. Something hits you!
* * * LOW HITPOINT WARNING * * *
Drink which item? (? for menu, Esc to quit)
It was a potion of mutation.
You feel extremely strange.
You feel agile. Something hits you!
You die...

###.#.# #..# #..∩..#
##.# #.#.### #.#
#....# ### #####.#
####.###..+ +.....#
#.##...#+#..########
##
#.##........{......>
.#
#.##..#####.########
.# #.....# #@#
.########.## #.#
..))......# #.#
#########.# #.# #...
#.# ###.# #.# .# #..
# ### .


There were no monsters in sight!

Vanquished Creatures
  A centaur (D:3)
  An orc priest (D:4)
  Robin (D:3)
  3 gnolls
  3 adders
  A worm (D:2)
  A dart slug (D:2)
  2 giant geckos
  6 orcs
  2 giant cockroaches (D:1)
  12 goblins
  5 hobgoblins
  2 quokkas (D:3)
  4 ball pythons
  10 bats
  2 giant newts (D:2)
  7 kobolds
  7 rats
70 creatures vanquished.

Vanquished Creatures (collateral kills)
  Edmund (D:4)
  A phantom (D:4)
  An iguana (D:4)
3 creatures vanquished.

Grand Total: 73 creatures vanquished

Notes
Turn   | Place    | Note
--------------------------------------------------------------
     0 | Abyss:1  | Gargoyl the Demonspawn Abyssal Knight began the quest for the Orb.
     0 | Abyss:1  | Reached XP level 1. HP: 18/18 MP: 2/2
    38 | Abyss:2  | Noticed a wraith
    86 | Abyss:2  | Noticed a large abomination
   104 | Abyss:2  | Noticed a large abomination
   111 | Abyss:2  | Noticed a smoke demon
   117 | D:1      | Escaped the Abyss
   317 | D:1      | Reached skill level 1 in Dodging
   484 | D:1      | Gained mutation: You have large cloven feet. [demonic ancestry]
   484 | D:1      | Reached XP level 2. HP: 23/24 MP: 3/3
   645 | D:1      | Reached * piety under Lugonu
  1196 | D:1      | Gained mutation: You have sharp fingernails. [demonic ancestry]
  1196 | D:1      | Reached XP level 3. HP: 14/29 MP: 4/4
  1705 | D:2      | Reached XP level 4. HP: 37/37 MP: 5/5
  1712 | D:2      | Found an opulent altar of Gozag.
  1712 | D:2      | Found a burning altar of Makhleb.
  1712 | D:2      | Found a deep blue altar of Sif Muna.
  2819 | D:3      | Reached ** piety under Lugonu
  2838 | D:3      | Noticed Robin
  2853 | D:3      | Killed Robin
  3080 | D:3      | Noticed a centaur
  3099 | D:3      | Killed a centaur
  3099 | D:3      | Gained mutation: A weak demonic guardian rushes to your aid. [demonic ancestry]
  3099 | D:3      | Reached XP level 5. HP: 8/42 MP: 6/6
  3734 | D:4      | Found Yjoacwina's Assorted Antiques.
  3773 | D:4      | Found a staircase to the Ecumenical Temple.
  3799 | D:4      | Noticed Edmund
  3820 | D:4      | Killed Edmund
  3820 | D:4      | Gained mutation: A demonic guardian rushes to your aid. [demonic ancestry]
  3820 | D:4      | Reached XP level 6. HP: 26/48 MP: 7/7
  4244 | D:4      | Found Fumof's Jewellery Shop.
  4298 | D:4      | Noticed Sigmund
  4316 | D:4      | Gained mutation: You are agile. (Dex +2) [potion of mutation]
  4316 | D:4      | Slain by Sigmund

Skill      XL: |  1  2  3  4 |
---------------+-------------+-----
Dodging        | 1 |  1.7
Armour         | 2 4 |  4.8
Axes           | 2 |  2.8
Fighting       | 4 |  4.3
Stealth        | |  0.2
Invocations    | |  2.5

Action                   |  1- 3 |  4- 6 || total
-------------------------+-------+-------++-------
Melee: Hand axe          |    85 |   177 ||   262
       Kick              |    11 |     6 ||    17
Invok: Depart the Abyss  |     1 |       ||     1
  Use: Potion            |     2 |     1 ||     3
  Eat: Chunk             |     2 |     9 ||    11
Armor: Chain mail        |    64 |   133 ||   197
Dodge: Dodged            |    45 |    54 ||    99
